AoeStats
← Bananagee

Golden Pit

509172211Analyzed
1v1 RM · 7d ago on Sep 25, 2026· 36m 59s· 2 players
Game mode
Random Map
Map size
Tiny (2 player)
Population
200
Speed
Normal
Resources
Standard
Victory
Conquest
Starting age
Dark Age
Ending age
Imperial Age
RankedLock teamsTeams togetherTeam positionsShared explorationLock speedFull tech treeHidden civsTurbo modeCheats
Victory
Defeat
🇺🇸 Saxons · United States
1211
+17
🇬🇧 Persians · United Kingdom
1231
-17
kcdrews
14:39 Feudal Age
13:27 Loom
16:12 Double-Bit Axe
19:11 Fletching
24:42 Castle Age
23:18 Scale Barding Armor
24:36 Bloodlines
28:34 Bow Saw
28:02 Pikeman
32:48 Sanctity
32:39 Scale Mail Armor
Bananagee
0:43 Loom
18:11 Feudal Age
21:05 Wheelbarrow
21:40 Double-Bit Axe
24:50 Castle Age
23:01 Horse Collar
25:05 Bloodlines
27:50 Scale Barding Armor
31:01 Forging
31:47 Hand Cart
33:24 Town Watch
36:33 Fletching
37:18 Chain Barding Armor
Connection lost

Rejoining the realm…

Still unreachable

The connection could not be restored.

Session expired

The server has moved on; the page needs a fresh start.